 Dungeon Crawl Stone Soup version 0.32-a0-886-g41c5271027 (webtiles) character file.

Game seed: 6776422282009683845

19800 spaghetti the Warrior (level 12, 0/109 HPs)
             Began as a Demonspawn Chaos Knight on Apr 2, 2024.
             Was a Plaything of Xom.
             Slain by an eight-headed hydra (3 damage)
             ... on level 13 of the Dungeon.
             The game lasted 00:28:03 (16693 turns).

spaghetti the Warrior (Demonspawn Chaos Knight)    Turns: 16693, Time: 00:28:04

Health: 0/109      AC:  9    Str: 15    XL:     12   Next: 39%
Magic:  0/12       EV: 12    Int: 16    God:    Xom [*.....]
Gold:   569        SH:  0    Dex: 16    Spells: 3/11 levels left

rFire   . . .        m - +2 dagger (elec)
rCold   + . .        (no shield)
rNeg    . . .        b - +2 leather armour
rPois   +            (helmet restricted)
rElec   .            s - +2 cloak {Will+}
rCorr   .            j - +0 pair of gloves
SInv    .            (no boots)
Will    ++...        x - amulet of guardian spirit
Stlth   +            E - ring of willpower
HPRegen 0.38/turn    (no ring)
MPRegen 0.13/turn

%: guardian spirit
@: no status effects
A: horns 1, demonic guardian 3, ignite blood 1, big brain 2, cold resistance 1,
poison resistance, noise suppression
a: Renounce Religion


You were on level 13 of the Dungeon.
You worshipped Xom.
You were a special plaything of Xom.
You visited 1 branch of the dungeon, and saw 15 of its levels.

You collected 777 gold pieces.
You spent 208 gold pieces at shops.

Inventory:

Hand Weapons
 a - a +1 short sword of chaos
 m - a +2 dagger of electrocution (weapon)
 K - a +0 lajatang
Missiles
 D - a curare-tipped dart
 F - 6 javelins
Armour
 b - a +2 leather armour (worn)
 g - a +0 helmet
 j - a +0 pair of gloves (worn)
 s - a +2 cloak of willpower (worn)
Jewellery
 e - an amulet of the acrobat
 h - an amulet of regeneration
 n - a ring of resist corrosion
 w - an amulet of faith
 x - an amulet of guardian spirit (around neck)
 E - a ring of willpower (left hand)
 J - a ring of ice
Talismans
 t - a talisman of death
Wands
 v - a wand of flame (31)
Scrolls
 c - a scroll of noise
 f - 2 scrolls of teleportation
 i - 3 scrolls of poison
 k - a scroll of amnesia
 l - a scroll of fear
 p - 3 scrolls of immolation
 r - 6 scrolls of identify
 y - a scroll of enchant armour
 G - 3 scrolls of vulnerability
Potions
 d - a potion of brilliance
 o - 2 potions of attraction
 q - a potion of degeneration
 u - a potion of lignification
 z - 2 potions of haste
 A - 2 potions of cancellation
 B - a potion of curing
 C - a potion of resistance
 L - 2 potions of magic
 M - a potion of mutation


   Skills:
 - Level 15.0 Fighting
 - Level 2.6 Short Blades
 - Level 1.7 Armour
 + Level 4.7 Dodging
 - Level 9.0 Summonings
 - Level 8.0 Air Magic
 - Level 5.0 Earth Magic


You had 3 spell levels left.
You knew the following spells:

 Your Spells              Type           Power      Damage    Failure   Level
a - Summon Lightning Spi  Summ/Air       27%        N/A       10%         4
b - Animate Armour        Summ/Erth      44%        N/A       17%         4

Your spell library contained the following spells:

 Spells                   Type           Power      Damage    Failure   Level
 Static Discharge         Conj/Air       24%        3-4/arc   9%          2
 Lesser Beckoning         Tloc           0%         N/A       43%         2
 Frozen Ramparts          Ice            0%         1d1       67%         3
 Maxwell's Portable Pile  Tloc           0%         2d(5-13)  67%         3
 Ozocubu's Armour         Ice            0%         N/A       67%         3
 Teleport Other           Tloc           0%         N/A       67%         3
 Airstrike                Air            12%        2d(2-18)  12%         4
 Lee's Rapid Deconstruct  Erth           8%         3d7*      73%         5
 Metabolic Englaciation   Hex/Ice        0%         N/A       100%        5


Dungeon Overview and Level Annotations

Branches:
Dungeon (15/15)            Temple (0/1) D:5            Lair (0/5) D:11
    Orc (0/2) D:10
 Vaults: D:13-14     Depths: D:15

Altars:
Dithmenos
Gozag
Kikubaaqudgha
Makhleb
Nemelex Xobeh
Okawaru
Trog
Wu Jian
Xom

Shops:
D:2 !   D:6 :

Annotations:
D:3 3 runed translucent doors, EvilEddieB's ghost, amateur DsGl; Nornya's ghost, amateur CoAl; hexenhour's ghost, novice MDFi
D:11 exclusion: door


Innate Abilities, Weirdness & Mutations

You have a pair of small horns on your head.
A powerful demonic guardian rushes to your aid.
Your demonic aura sometimes causes spilled blood to erupt in flames.
You have an extremely huge brain. (Int +4)
Your flesh is cold resistant. (rC+)
Your system is resistant to poisons. (rPois)
You passively dampen the noise of your surroundings.


Message History

The eight-headed hydra bites you!
The eight-headed hydra barely misses you.
The eight-headed hydra completely misses you.
The eight-headed hydra bites you. The eight-headed hydra bites you!
The eight-headed hydra bites you but does no damage.
The eight-headed hydra closely misses you.
The eight-headed hydra bites you!
Unknown command.
You hit the eight-headed hydra.
The eight-headed hydra is moderately wounded.
Your lightning spire shoots out a bolt of lightning at the eight-headed hydra!
The bolt of electricity hits the eight-headed hydra!
The eight-headed hydra is engulfed in blazing flames.
The eight-headed hydra closely misses you.
The eight-headed hydra bites you but does no damage. x2
The eight-headed hydra misses you.
The eight-headed hydra bites you but does no damage.
The eight-headed hydra bites you!
The eight-headed hydra bites you but does no damage.
The eight-headed hydra bites you!
* * * LOW HITPOINT WARNING * * *
Unknown command.
Unknown command.
Aiming: Bolt of Light
Press: ? - help, Shift-Dir - straight line, f - eight-headed hydra
Aim: an eight-headed hydra (flame, heavily wounded, ally target, 90% to hit)
The bolt of light hits the eight-headed hydra!
The eight-headed hydra is severely wounded.
The eight-headed hydra is blinded.
The now-empty wand crumbles to dust.
The eight-headed hydra is engulfed in blazing flames.
The eight-headed hydra bites you.
* * * LOW HITPOINT WARNING * * *
The eight-headed hydra barely misses you.
The eight-headed hydra bites you!
* * * LOW HITPOINT WARNING * * *
A demonic guardian appears!
The eight-headed hydra bites you!
* * * LOW HITPOINT WARNING * * *
The eight-headed hydra bites you.
You die... "This toy is broken."

#.. #.....
#......
##......!
##........
##.........
##I........#
##..○......##
##..[.@D.....#
##.............
#......2.......
#..............
#...>..........
#..............
#..............
#..............
#..........


You could see an eight-headed hydra (blind, unable to see you, ally target), a
friendly balrug (summoned), a friendly lightning spire (summoned) and a friendly
animated leather armour (summoned).

Vanquished Creatures
  A centaur warrior (D:14)
  Erica (D:9)
  A two-headed ogre (D:12)
  A deep elf pyromancer (D:12)
  A cyclops (D:12)
  3 gargoyles
  Maggie (D:7)
  An unseen horror (D:12)
  A komodo dragon (D:10)
  A kobold demonologist (D:11)
  2 trolls
  2 slime creatures (D:12)
  4 yaks
  Grum (D:9)
  2 vampire mosquitoes (D:11)
  2 acid dragons
  2 water moccasins
  2 orc warriors
  3 sky beasts
  2 black bears (D:11)
  A wolf (D:9)
  5 centaurs
  A phantom (D:6)
  4 bullfrogs
  2 kobold brigands
  A nameless horror (D:9)
  3 scorpions
  3 wights (D:7)
  A burial acolyte (D:8)
  2 howler monkeys (D:11)
  2 hounds
  An orc priest (D:8)
  A bombardier beetle (D:4)
  A gnoll bouda (D:5)
  2 jellies
  2 iguanas (D:4)
  6 orc wizards
  A sleepcap (D:5)
  A hound zombie (D:8)
  10 gnolls
  7 adders
  3 shadow imps
  A white imp (D:5)
  2 adder zombies (D:8)
  2 dart slugs (D:1)
  A ribbon worm (D:2)
  21 orcs
  4 endoplasms
  A giant cockroach (D:4)
  8 goblins
  8 hobgoblins
  A jackal (shapeshifter) (D:3)
  4 jackals (D:1)
  11 kobolds
  8 quokkas
  7 ball pythons
  2 bats (D:1)
  5 frilled lizards (D:1)
  3 gnoll zombies (D:8)
  A kobold zombie (D:8)
  7 rats
191 creatures vanquished.

Vanquished Creatures (collateral kills)
  Fannar (D:11)
  A boulder beetle (D:14)
  A two-headed ogre (D:10)
  5 ugly things (D:14)
  3 cyclopes
  Joseph (D:9)
  A gargoyle (D:12)
  A komodo dragon (D:11)
  A freezing wraith (D:14)
  2 trolls (D:12)
  Grinder (D:5)
  A centaur simulacrum (D:14)
  A slime creature (D:12)
  A shadow (D:11)
  13 yaks
  A wraith (D:12)
  A vampire mosquito (D:11)
  A water moccasin (D:11)
  A black bear (D:11)
  2 orc warriors
  An ice beast (D:5)
  A wolf (D:9)
  2 ogres
  A centaur (D:9)
  2 bullfrogs
  A scorpion (D:11)
  A wight (D:7)
  A howler monkey (D:11)
  A bombardier beetle (D:7)
  A jelly (D:4)
  3 orc priests
  An iguana (D:4)
  3 orc wizards (D:9)
  2 gnolls
  A shadow imp (D:7)
  15 orcs
  A quokka (D:2)
  4 kobolds
82 creatures vanquished.

Grand Total: 273 creatures vanquished

Notes
Turn   | Place    | Note
-------+----------+-------------------------------------------
     0 | D:1      | spaghetti the Demonspawn Chaos Knight began the quest for
                  | the Orb.
     0 | D:1      | Reached XP level 1. HP: 18/18 MP: 1/1
   189 | D:1      | Gained mutation: A weak demonic guardian rushes to your
                  | aid. [demonic ancestry]
   189 | D:1      | Reached XP level 2. HP: 21/24 MP: 2/2
   228 | D:1      | XOM: noise
   338 | D:1      | XOM: cloud trail
   351 | D:1      | Noticed a great orb of eyes
   355 | D:1      | Found a faded altar of an unknown god.
   357 | D:1      | Noticed a great orb of eyes
   357 | D:1      | Noticed a great orb of eyes
   357 | D:1      | Noticed a golden eye
   368 | D:1      | XOM: god gift: scroll labelled JEMUSTR ONIETRO {god gift}
   396 | D:1      | Reached skill level 4 in Fighting
   408 | D:1      | XOM: divination: magic mapping
   413 | D:1      | Gained mutation: You have a pair of small horns on your
                  | head. [demonic ancestry]
   413 | D:1      | Reached XP level 3. HP: 27/30 MP: 3/3
   689 | D:2      | XOM: silly message
   865 | D:2      | Gained mutation: You have an unusually large brain. (Int
                  | +2) [demonic ancestry]
   865 | D:2      | Reached XP level 4. HP: 38/38 MP: 4/4
   889 | D:2      | Reached skill level 5 in Fighting
  1052 | D:2      | XOM: silly message
  1202 | D:2      | Found Xeuschab's Distillery.
  1344 | D:2      | XOM: silly message
  1353 | D:2      | XOM: silly message
  1419 | D:3      | Found a runed translucent gate.
  1420 | D:3      | Found a runed translucent gate.
  1420 | D:3      | Found a runed translucent gate.
  1422 | D:3      | Noticed hexenhour's ghost (novice MDFi)
  1422 | D:3      | Noticed EvilEddieB's ghost (amateur DsGl)
  1422 | D:3      | Noticed Nornya's ghost (amateur CoAl)
  1701 | D:3      | Noticed Sigmund
  1709 | D:3      | Sigmund changed into Sigmund the shapeshifter
  1709 | D:3      | Noticed Sigmund (shapeshifter)
  1709 | D:3      | XOM: polymorph Sigmund -> Sigmund the shapeshifter
  1709 | D:3      | Sigmund the shapeshifter changed into Sigmund the swamp
                  | drake
  1709 | D:3      | Noticed Sigmund (shapeshifter)
  1711 | D:3      | Sigmund the swamp drake changed into Sigmund the howler
                  | monkey
  2137 | D:3      | XOM: give mutations
  2137 | D:3      | Gained mutation: You are frail. (-10% HP) [Xom's mischief]
  2137 | D:3      | Gained mutation: You are weak. (Str -2) [Xom's mischief]
  2137 | D:3      | Gained mutation: You possess an exceptional clarity of
                  | mind. [Xom's mischief]
  2138 | D:3      | Found an iron altar of Okawaru.
  2445 | D:4      | Reached XP level 5. HP: 41/41 MP: 5/5
  2506 | D:4      | Reached skill level 6 in Fighting
  2853 | D:4      | XOM: give mutation
  2853 | D:4      | Gained mutation: You expend magic power (3 MP) to
                  | strengthen your wands. [Xom's mischief]
  3058 | D:4      | XOM: repel stairs
  3168 | D:4      | Reached XP level 6. HP: 16/47 MP: 6/6
  3464 | D:2      | Bought 2 potions of mutation for 208 gold pieces
  3464 | D:2      | Lost mutation: You expend magic power (3 MP) to strengthen
                  | your wands. [potion of mutation]
  3464 | D:2      | Lost mutation: You are frail. (-10% HP) [potion of
                  | mutation]
  3464 | D:2      | Lost mutation: You are weak. (Str -2) [potion of mutation]
  3464 | D:2      | Gained mutation: You occasionally lose the ability to read
                  | scrolls when taking damage. [potion of mutation]
  3464 | D:2      | Gained mutation: You are somewhat resistant to further
                  | mutation. [potion of mutation]
  3465 | D:2      | Lost mutation: You possess an exceptional clarity of mind.
                  | [potion of mutation]
  3465 | D:2      | Lost mutation: You occasionally lose the ability to read
                  | scrolls when taking damage. [potion of mutation]
  3465 | D:2      | Lost mutation: You are somewhat resistant to further
                  | mutation. [potion of mutation]
  3465 | D:2      | Gained mutation: Your muscles are strong. (Str +4, Int/Dex
                  | -1) [potion of mutation]
  3546 | D:4      | XOM: summons 2 hostile shadow creatures
  3640 | D:5      | Entered Level 5 of the Dungeon
  3663 | D:5      | Found a staircase to the Ecumenical Temple.
  3706 | D:5      | Reached skill level 7 in Fighting
  3737 | D:5      | Noticed an ice beast
  3739 | D:5      | XOM: repel stairs
  3741 | D:5      | XOM: 1-stop teleportation journey
  3763 | D:5      | XOM: 1-stop teleportation journey
  3929 | D:5      | XOM: scenery: create altars
  3942 | D:5      | Found a shimmering altar of Xom.
  4060 | D:5      | XOM: 2-stop teleportation journey
  4167 | D:5      | Noticed Grinder
  4183 | D:5      | XOM: summons friendly iron imp
  4193 | D:5      | XOM: smoke on damage
  4193 | D:5      | Killed Grinder
  4194 | D:5      | Reached skill level 8 in Fighting
  4194 | D:5      | Gained mutation: You have an extremely huge brain. (Int +4)
                  | [demonic ancestry]
  4194 | D:5      | Reached XP level 7. HP: 33/62 MP: 7/7
  4296 | D:5      | Found a sparkling altar of Nemelex Xobeh.
  4304 | D:5      | Found a bloodstained altar of Trog.
  4323 | D:5      | Learned a level 4 spell: Summon Lightning Spire
  4325 | D:5      | XOM: 1-stop teleportation journey
  4474 | D:5      | XOM: scenery: create altars
  4516 | D:5      | XOM: scenery: summon butterflies
  4682 | D:5      | XOM: god gift: embroidered cloak {god gift}
  4692 | D:5      | Reached skill level 1 in Summonings
  4840 | D:5      | XOM: give mutations
  4840 | D:5      | Gained mutation: Your flesh is cold resistant. (rC+) [Xom's
                  | grace]
  4840 | D:5      | Gained mutation: You have hidden genetic potential. [Xom's
                  | grace]
  4930 | D:5      | XOM: cloud trail
  4992 | D:5      | XOM: god gift: talisman of death
  5224 | D:6      | Reached skill level 1 in Air Magic
  5375 | D:6      | Reached skill level 9 in Fighting
  5404 | D:6      | XOM: divination: detect creatures
  5453 | D:6      | You fall into a shaft and drop 2 floors!
  5462 | D:8      | Found an ornate altar of the Wu Jian Council.
  5479 | D:8      | Reached XP level 8. HP: 71/71 MP: 8/8
  5558 | D:8      | Gained mutation: You passively dampen the noise of your
                  | surroundings. [hidden potential]
  5730 | D:8      | Found an ancient bone altar of Kikubaaqudgha.
  5737 | D:8      | XOM: divination: magic mapping
  5757 | D:8      | XOM: noise
  5861 | D:8      | XOM: noise
  5929 | D:7      | XOM: cast spell 'Summon Ice Beast'
  5994 | D:7      | XOM: god gift: scroll of teleportation
  6021 | D:7      | XOM: 1-stop teleportation journey
  6063 | D:7      | XOM: noise
  6157 | D:7      | Identified the +0 mace of Uskayaw's Castigation {holy,
                  | rElec Int+4}
  6166 | D:7      | XOM: noise
  6217 | D:7      | XOM: polymorph sky beast -> yak
  6223 | D:7      | Noticed a cyclops
  6224 | D:7      | XOM: summons 7 friendly demons
  6233 | D:7      | Killed a cyclops
  6234 | D:7      | Reached skill level 10 in Fighting
  6234 | D:7      | Reached skill level 5 in Summonings
  6234 | D:7      | Reached XP level 9. HP: 69/78 MP: 9/9
  6240 | D:7      | Reached skill level 5 in Air Magic
  6242 | D:7      | Gained mutation: Your flesh is very cold resistant. (rC++)
                  | [hidden potential]
  6242 | D:7      | Lost mutation: You have hidden genetic potential. [hidden
                  | potential expressed]
  6311 | D:7      | Noticed Maggie
  6344 | D:7      | XOM: smoke on damage
  6377 | D:7      | Killed Maggie
  6731 | D:7      | XOM: give mutations
  6731 | D:7      | Gained mutation: Your system is resistant to poisons.
                  | (rPois) [Xom's mischief]
  6731 | D:7      | Lost mutation: Your muscles are strong. (Str +4, Int/Dex
                  | -1) [Xom's mischief]
  6731 | D:7      | Lost mutation: Your flesh is very cold resistant. (rC++)
                  | [Xom's mischief]
  6734 | D:7      | XOM: polymorph water moccasin -> bombardier beetle
  6740 | D:7      | XOM: divination: detect creatures
  6802 | D:7      | Found a shadowy altar of Dithmenos.
  6813 | D:7      | XOM: summons 9 friendly demons
  7367 | D:6      | Learned a level 4 spell: Animate Armour
  7478 | D:6      | Found Kufotac's Vocational Training.
  7697 | D:6      | XOM: cloud trail
  8096 | D:9      | XOM: divination: detect items
  8216 | D:9      | Noticed Joseph
  8237 | D:9      | Killed Joseph
  8238 | D:9      | Gained mutation: A demonic guardian rushes to your aid.
                  | [demonic ancestry]
  8238 | D:9      | Reached XP level 10. HP: 61/85 MP: 3/10
  8382 | D:9      | Noticed Grum
  8394 | D:9      | Killed Grum
  8723 | D:9      | XOM: cleaving
  8771 | D:9      | XOM: destruction
  8913 | D:9      | XOM: enchant monster (good)
  9413 | D:9      | XOM: silly message
  9698 | D:9      | Noticed Erica
  9709 | D:9      | Killed Erica
  9788 | D:10     | Entered Level 10 of the Dungeon
  9846 | D:10     | Noticed a two-headed ogre
  9861 | D:10     | XOM: divination: detect creatures
  9864 | D:10     | XOM: potion effect (invisibility)
  9866 | D:10     | XOM: cast spell 'Summon Small Mammal'
  9901 | D:10     | XOM: butterfly on damage
  9910 | D:10     | HP: 1/85 [two-headed ogre/+0 giant club (19)]
  9913 | D:10     | Killed a two-headed ogre
 10052 | D:10     | Found a staircase to the Orcish Mines.
 10052 | D:10     | XOM: 3-stop teleportation journey
 10053 | D:10     | Noticed a gargoyle
 10056 | D:10     | XOM: god gift: ring of resist corrosion
 10058 | D:10     | XOM: silly message
 10059 | D:10     | Noticed a gargoyle
 10060 | D:10     | XOM: cleaving
 10061 | D:10     | XOM: summons 3 friendly demons
 10119 | D:10     | Reached skill level 11 in Fighting
 10364 | D:10     | Killed a gargoyle
 10435 | D:10     | XOM: fog
 10439 | D:10     | XOM: summons 10 friendly demons
 10464 | D:10     | XOM: scenery: summon butterflies
 10533 | D:10     | Killed a gargoyle
 10604 | D:10     | XOM: silly message
 10707 | D:10     | Found a burning altar of Makhleb.
 10819 | D:10     | Reached skill level 12 in Fighting
 10819 | D:10     | Gained mutation: Your demonic aura sometimes causes spilled
                  | blood to erupt in flames. [demonic ancestry]
 10819 | D:10     | Reached XP level 11. HP: 95/95 MP: 6/11
 10820 | D:10     | XOM: cleaving
 10894 | D:10     | XOM: god gift: 8 stones
 10995 | D:10     | XOM: god gift: 59 gold pieces
 11025 | D:10     | XOM: noise
 11301 | D:11     | Found a staircase to the Lair.
 11301 | D:11     | XOM: swap monsters
 11305 | D:11     | XOM: silly message
 11532 | D:11     | XOM: summons friendly white imp
 11534 | D:11     | XOM: smoke on damage
 11540 | D:11     | XOM: noise
 11710 | D:11     | Noticed Fannar
 11721 | D:11     | Killed Fannar
 11842 | D:11     | XOM: noise
 12022 | D:11     | Reached skill level 13 in Fighting
 12031 | D:11     | XOM: smoke on damage
 12497 | D:11     | XOM: polymorph ynoxinul -> quasit
 13208 | D:12     | Reached skill level 14 in Fighting
 13216 | D:12     | XOM: smoke on damage
 13219 | D:12     | Reached skill level 1 in Earth Magic
 13325 | D:12     | XOM: enchant monster (bad)
 13332 | D:12     | XOM: blink monster(s)
 13392 | D:12     | XOM: divination: detect creatures
 13473 | D:12     | XOM: enchant monster (good)
 13579 | D:12     | Noticed a deep elf pyromancer
 13588 | D:12     | Killed a deep elf pyromancer
 14399 | D:12     | XOM: enchant monster (good)
 14598 | D:12     | Gained mutation: A powerful demonic guardian rushes to your
                  | aid. [demonic ancestry]
 14598 | D:12     | Reached XP level 12. HP: 101/108 MP: 3/12
 14675 | D:12     | Noticed a two-headed ogre
 14686 | D:12     | Killed a two-headed ogre
 14724 | D:12     | XOM: 4-stop teleportation journey
 14808 | D:12     | XOM: 7-stop teleportation journey
 14981 | D:13     | Noticed a centaur warrior
 15142 | D:13     | Noticed a centaur warrior
 15187 | D:12     | XOM: noise
 15411 | D:13     | XOM: chaos upgrade
 15609 | D:13     | a centaur warrior changed into a boulder beetle
 15609 | D:13     | Noticed a boulder beetle
 15609 | D:13     | XOM: polymorph centaur warrior -> boulder beetle
 15630 | D:13     | XOM: divination: detect items
 15631 | D:13     | You fall into a shaft and drop 2 floors!
 15631 | D:15     | Entered Level 15 of the Dungeon
 15755 | D:15     | XOM: divination: magic mapping
 16097 | D:14     | Noticed a boulder beetle
 16129 | D:14     | XOM: noise
 16134 | D:14     | Killed a boulder beetle
 16173 | D:14     | XOM: potion effect (haste)
 16180 | D:14     | Reached skill level 15 in Fighting
 16180 | D:14     | Reached skill level 5 in Earth Magic
 16180 | D:14     | Reached skill level 1 in Dodging
 16199 | D:14     | XOM: destruction
 16425 | D:14     | Noticed a centaur warrior
 16428 | D:14     | XOM: potion effect (brilliance)
 16429 | D:14     | XOM: confuse monster(s)
 16435 | D:14     | Killed a centaur warrior
 16473 | D:14     | Found an opulent altar of Gozag.
 16475 | D:14     | Noticed a catoblepas
 16686 | D:13     | Noticed an eight-headed hydra
 16693 | D:13     | HP: 3/109 [eight-headed hydra (11)]
 16693 | D:13     | Slain by an eight-headed hydra

Illustrated notes

Levels and vault maps discovered:
D:1:      orjb1_clovarrival, layout_basic,
          hellmonk_ecumenical_altar_watching_god, hangedman_decor_peaks_small,
          minmay_quantized
D:2:      layout_loops_ring, serial_shops, nicolae_shop_trees
D:3:      layout_basic, nicolae_overflow_crystal_walls,
          gammafunk_ghost_cemetery, uniq_sigmund
D:4:      layout_loops_corners, kennysheep_generic_room_2
D:5:      layout_basic, lemuel_crystal_altar, mainiacjoe_overflow_alcove_4,
          minitemple, temple_statues, serial_co_window_serial,
          co_window_paths_b, co_window_paths_b, co_window_corner_a,
          co_window_paths_b, co_window_paths_b, co_window_broadway_a,
          co_window_2corner, co_window_cross_2, co_window_broadway_b,
          co_window_2corner, co_window_corner_b, glass_columns_c,
          glass_columns_a, glass_columns_a, uniq_grinder
D:6:      layout_basic, minmay_misc_feat_enclosed, nicolae_shop_vocational
D:7:      layout_basic, kennysheep_mini, minivault_26, grunt_ministairs_7,
          uniq_maggie
D:8:      layout_basic, general_overflow_altar, grunt_temple_overflow_open,
          regret_index_kikubaaqudgha_part_by_part, kennysheep_crisscross,
          moated_statue, lemuel_flamethrower_2, uniq_prince_ribbit1
D:9:      layout_loops_corners, serial_co_window_serial, co_window_paths_b,
          co_window_paths_a, co_window_paths_a, co_window_of_opportunity_a,
          co_window_corner_a, co_window_corner_b, co_window_corner_cb,
          co_window_of_opportunity_c, co_window_unsneaky_path_e,
          co_window_paths_e, uniq_erica, uniq_grum, uniq_joseph
D:10:     layout_basic, mainiacjoe_overflow_paths, david_orc_3,
          chequers_serial_rivers_small_3
D:11:     layout_roguey, due_lair_maze_entry_diamond, uniq_fannar
D:12:     layout_cave_pods
D:13:     layout_big_octagon, david_vaults_2, kennysheep_generic_room_9
D:14:     layout_loops_corners, kennysheep_doodads,
          serial_library_hellmonk_open_square,
          nicolae_gozag_cash_rules_everything_around_me
D:15:     grunt_enter_depths_snipers, layout_irregular_city,
          hangedman_decor_lopped, nicolae_guarded_unrand_slippers

Skill      XL: |  1  2  3  4  5  6  7  8  9 10 11 12 |
---------------+-------------------------------------+-----
Fighting       | 4 5 6 8 9 10 12 14 15 | 15.0
Summonings     | 2 5 7 9 |  9.0
Air Magic      | 2 4 7 8 |  8.0
Earth Magic    | 4 5 |  5.0
Dodging        | 4 |  4.7
Short Blades   | |  2.6
Armour         | |  1.7

Action                     |  1- 3 |  4- 6 |  7- 9 | 10-12 || total
---------------------------+-------+-------+-------+-------++-------
  Melee: Short sword       |   111 |   120 |       |       ||   231
         Headbutt          |     8 |    43 |    57 |    94 ||   202
         Dagger            |       |    89 |   287 |   348 ||   724
  Throw: Throwing net      |       |       |       |     2 ||     2
         Stone             |       |       |       |    22 ||    22
   Cast: Summon Lightning  |       |       |    10 |    48 ||    58
         Animate Armour    |       |       |       |     8 ||     8
  Evoke: Wand              |       |       |     5 |    31 ||    36
    Use: Scroll            |     6 |     3 |     2 |    18 ||    29
         Potion            |       |     9 |     7 |     4 ||    20
   Stab: Sleeping          |     1 |     1 |       |       ||     2
         Distracted        |       |       |     4 |     5 ||     9
         Invisible         |       |       |     2 |       ||     2
         Held in net/web   |       |       |       |     2 ||     2
         Confused          |       |       |       |     2 ||     2
 Armour: Leather armour    |    64 |   116 |   183 |   466 ||   829
         Skin              |       |       |     1 |       ||     1
  Dodge: Dodged            |    74 |   108 |   169 |   232 ||   583

Table legend: (Time is in decaauts)
 A = Elapsed time spent in this place.
 B = Non-inter-level travel time spent in this place.
 C = Inter-level travel time spent in this place.
 D = Time resting spent in this place.
 E = Time spent auto-exploring this place.
 F = Levels seen in this place.
 G = Mean time per level.
                   A        B        C        D        E       F      G
               +--------+--------+--------+--------+--------+-----+--------+
         Total |  16578 |  15870 |    708 |   2772 |  10650 |  15 | 1105.2 |
       Dungeon |  16578 |  15870 |    708 |   2772 |  10650 |  15 | 1105.2 |
               +--------+--------+--------+--------+--------+-----+--------+

Top non-repeatable levels by time:
    D:11: 2206 daAuts
    D:12: 2144 daAuts
     D:9: 1834 daAuts
     D:5: 1566 daAuts
     D:7: 1420 daAuts
     D:4: 1326 daAuts
    D:10: 1265 daAuts
     D:3: 924 daAuts
     D:6: 814 daAuts
     D:2: 805 daAuts
    D:14: 718 daAuts
     D:1: 669 daAuts
     D:8: 492 daAuts
    D:13: 255 daAuts
    D:15: 137 daAuts
